 Dungeon Crawl Stone Soup version 0.23-a0-305-g7ffd15e (webtiles) character file.

18433 MisterFreud the Grappler (level 12, -20/114 HPs)
             Began as a Troll Monk on Oct 9, 2018.
             Was a High Priest of Cheibriados.
             Killed from afar by a tengu reaver (43 damage)
             ... with a bolt of lightning
             ... on level 12 of the Dungeon.
             The game lasted 00:30:29 (9550 turns).

MisterFreud the Grappler (Troll Monk)               Turns: 9550, Time: 00:30:30

Health: -20/114    AC:  9    Str: 34    XL:     12   Next: 27%
Magic:  16/16      EV: 17    Int: 22    God:    Cheibriados [*****.]
Gold:   508        SH:  3    Dex: 24    Spells: 10/11 levels left

rFire    . . .     SeeInvis .     - Unarmed
rCold    . . .     Gourm    +   (no shield)
rNeg     . . .     Faith    .   J - +0 troll leather armour
rPois    +         Spirit   .   r - +0 hat
rElec    .         Reflect  +   o - +1 cloak {+Inv}
rCorr    .         Harm     .   (gloves unavailable)
MR       ++...                  (boots unavailable)
Stlth    ++........             u - +3 amulet of reflection
HPRegen  1.09/turn              f - ring of the Madman {rPois MR+}
MPRegen  0.15/turn              j - ring of protection from magic

@: studying Shields, very slow
A: large, unfitting armour, claws 3, fast metabolism 3, gourmand, regeneration
1, shaggy fur 1, tough skin 2
a: Bend Time, Temporal Distortion, Slouch, Step From Time, Renounce Religion,
Evoke Invisibility


You were on level 12 of the Dungeon.
You worshipped Cheibriados.
Cheibriados was extremely pleased with you.
You were completely stuffed.

You visited 1 branch of the dungeon, and saw 12 of its levels.

You collected 508 gold pieces.

Inventory:

Missiles
 g - 268 stones (quivered)
 l - 20 tomahawks
 n - 4 javelins
Armour
 k - a +2 robe of cold resistance
 o - a +1 cloak of invisibility (worn)
 r - a +0 hat (worn)
 J - a +0 troll leather armour (worn)
Jewellery
 f - the ring of the Madman (left claw) {rPois MR+}
   (You took it off an orc on level 11 of the Dungeon)

   [ring of poison resistance]

   It protects you from poison.
   It affects your resistance to hostile enchantments.
 j - a ring of protection from magic (right claw)
 q - an uncursed ring of positive energy
 u - a +3 amulet of reflection (around neck)
 v - an uncursed amulet of guardian spirit
 D - an uncursed ring of fire
 I - an uncursed ring of resist corrosion
Wands
 s - a wand of flame (21)
 t - a wand of iceblast (24)
 B - a wand of acid (7)
 E - a wand of scattershot (1)
Scrolls
 a - 4 scrolls of teleportation
 h - 9 scrolls of remove curse
 i - 3 scrolls of amnesia
 m - 4 scrolls of magic mapping
 y - a scroll of identify
 C - 3 scrolls of fog {unknown}
 G - a scroll of summoning
Potions
 d - 4 potions of flight
 e - 3 potions of curing
 p - a potion of ambrosia
 w - a potion of resistance
 z - a potion of magic {unknown}
 A - a potion of agility {unknown}
Books
 H - a manual of Shields
Comestibles
 b - 26 rations


   Skills:
 - Level 6.0 Fighting
 - Level 8.0 Throwing
 - Level 8.0 Dodging
 - Level 1.0 Stealth
 + Level 9.3 Shields
 - Level 10.0 Unarmed Combat
 - Level 2.0 Hexes
 - Level 6.9 Invocations


You had 10 spell levels left.
You knew the following spells:

 Your Spells              Type           Power        Failure   Level  Hunger
a - Confusing Touch       Hex            #.....       9%          1    ##.....

Your spell library contained the following spells:

 Spells                   Type           Power        Failure   Level  Hunger
 Animate Skeleton         Necr           N/A          19%         1    ##.....
 Apportation              Tloc           #.....       19%         1    ##.....
 Summon Small Mammal      Summ           #...         19%         1    ##.....
 Confuse                  Hex            #.......     24%         3    ####...
 Gell's Gravitas          Tloc           #.........   50%         3    ####...
 Ice Form                 Ice/Tmut       #.......     88%         4    #####..
 Petrify                  Tmut/Erth      #.......     88%         4    #####..
 Metabolic Englaciation   Hex/Ice        #.........   98%         5    ######.
 Yara's Violent Unravell  Hex/Tmut       #.........   98%         5    ######.
 Bolt of Cold             Conj/Ice       #.........   100%        6    #######
 Freezing Cloud           Conj/Ice/Air   #.........   100%        6    #######
 Ozocubu's Refrigeration  Ice            #.........   100%        6    #######
 Simulacrum               Ice/Necr       #.........   100%        6    #######


Dungeon Overview and Level Annotations

Branches:
Dungeon (12/15)            Temple (0/1) D:7            Lair (0/6) D:10
    Orc (0/2) D:9

Altars:
Ashenzari
Cheibriados
Fedhas
Kikubaaqudgha
Nemelex Xobeh
Qazlal
Ru
Uskayaw
Vehumet
Yredelemnul
Beogh

Annotations:
D:8 exclusion: oklob plant
D:9 2 runed doors


Innate Abilities, Weirdness & Mutations

You are too large for most types of armour.
You have claws for hands.
Your metabolism is lightning-fast.
You like to eat raw meat.
Your natural rate of healing is unusually fast.
You are covered in fur. (AC +1)
You have very tough skin. (AC +2)


Message History

Press: ? - help, Shift-Dir - straight line, f/p - tengu reaver
Aim: a tengu reaver, wielding a dire flail of protection and wearing a ring You throw a large rock.
The large rock completely misses the tengu reaver.
The large rock hits the orc!!
You kill the orc!
Cheibriados appreciates the change of pace.
You block the tengu reaver's attack. The tengu reaver pecks you.
* * * LOW HITPOINT WARNING * * *
The tengu reaver claws you.
* * * LOW HITPOINT WARNING * * *
Throwing (i - inventory. (/) - cycle)
F - a large rock (quivered)
Press: ? - help, Shift-Dir - straight line, f/p - tengu reaver
Aim: a tengu reaver, wielding a dire flail of protection and wearing a ring You throw a large rock.
The large rock hits the tengu reaver but does no damage.
The tengu reaver is severely wounded.
The tengu reaver points at you and mumbles some strange words.
The bolt of lightning hits you!
You die...

#####...####.........####.....#
...........+<........'.......##
#####...####.........####.....#
##))# ....... ##....# ##.#
..... ####...### ####.# .(*
#......... #..)<# #)#
#......... #.###### #Q#
#......... #.. .># #@#
##.#...### #.# #.# ##.##
#.#...# ##.## #.#####...##
#.#...# ###.#.###.##.......#
#.#####
...###.......###..#######.#
.##.#.###.##†# #..........#
.###.## #.##.###.########## ##
#.####.##.....# #
#..†...########


You could see a tengu reaver and a battlesphere.

Vanquished Creatures
  A hydra (D:8)
  A centaur warrior (D:11)
  2 death knights (D:11)
  The ghost of Multipenetrator the Cleaver, a novice HOFi of Beogh (D:11)
  A deep troll earth mage (D:11)
  A skeletal warrior (D:11)
  Pikel (D:8)
  2 ugly things
  3 centaur skeletons
  A freezing wraith (D:11)
  A troll (D:12)
  A hornet (D:10)
  2 dream sheep (D:8)
  2 hippogriffs (D:9)
  2 shadows (D:11)
  3 wyverns
  3 wraiths
  21 yaks
  A golden eye (shapeshifter) (D:11)
  A warg (D:11)
  A soldier ant (D:12)
  2 ice beasts
  A hornet zombie (D:12)
  7 orc warriors
  A phantom (D:10)
  A sky beast (D:7)
  2 necrophages (D:10)
  8 ogres
  An eye of draining (D:9)
  4 centaurs
  5 big kobolds
  An elf zombie (D:10)
  3 bullfrogs
  A water moccasin zombie (D:9)
  A wyvern skeleton (D:11)
  11 killer bees (D:9)
  13 wights
  8 jellies
  3 electric eels (D:4)
  2 howler monkeys
  3 crimson imps
  A centaur zombie (D:8)
  A quasit (D:7)
  4 bullfrog zombies
  3 hounds
  9 orc priests
  4 human zombies (D:10)
  Jessica (D:2)
  Terence (D:2)
  2 iguanas (D:8)
  13 orc wizards
  5 worker ants
  An ogre skeleton (D:10)
  A hound skeleton (D:4)
  4 mummies (D:10)
  2 howler monkey zombies
  A worker ant zombie (D:11)
  9 adders
  3 shadow imps (D:9)
  An ooze (D:6)
  An adder skeleton (D:9)
  3 worms (D:2)
  4 dart slugs
  8 leopard geckos
  62 orcs
  A ball python (D:1)
  A bat zombie (D:6)
  4 giant cockroaches
  13 goblins
  10 hobgoblins
  4 jackals
  2 quokkas
  8 bats
  6 frilled lizards
  A giant cockroach zombie (D:6)
  A jackal skeleton (D:4)
  A jackal zombie (D:6)
  27 kobolds
  3 rats
  A rat zombie (D:6)
357 creatures vanquished.

Vanquished Creatures (others)
  A crocodile (D:9)
  2 orc wizards
  2 plants (D:8)
5 creatures vanquished.

Grand Total: 362 creatures vanquished

Notes
Turn   | Place    | Note
-------+----------+-------------------------------------------
     0 | D:1      | MisterFreud the Troll Monk began the quest for the Orb.
     0 | D:1      | Reached XP level 1. HP: 22/22 MP: 0/0
    48 | D:1      | Reached XP level 2. HP: 29/29 MP: 1/1
   154 | D:1      | Reached skill level 4 in Unarmed Combat
   179 | D:1      | Reached XP level 3. HP: 36/36 MP: 2/2
   660 | D:2      | Noticed Jessica
   664 | D:2      | Killed Jessica
   664 | D:2      | Reached XP level 4. HP: 44/44 MP: 3/3
   675 | D:2      | Reached skill level 5 in Unarmed Combat
   947 | D:2      | Noticed Terence
   957 | D:2      | Killed Terence
   985 | D:2      | Reached XP level 5. HP: 36/50 MP: 4/4
  1006 | D:2      | Reached skill level 6 in Unarmed Combat
  2074 | D:4      | Found a transporter.
  2094 | D:4      | Noticed an ogre
  2095 | D:4      | Reached XP level 6. HP: 32/59 MP: 5/5
  2103 | D:4      | Reached skill level 7 in Unarmed Combat
  2110 | D:4      | Found a transporter.
  2508 | D:4      | Found a stormy altar of Qazlal.
  2841 | D:4      | Reached skill level 8 in Unarmed Combat
  2860 | D:4      | Reached skill level 1 in Throwing
  2860 | D:4      | Reached XP level 7. HP: 66/66 MP: 6/6
  2991 | D:5      | Entered Level 5 of the Dungeon
  3452 | D:5      | Found a sacrificial altar of Ru.
  3607 | D:6      | Found a sparkling altar of Nemelex Xobeh.
  3662 | D:6      | Found Wamn's Gadget Shoppe.
  3901 | D:6      | Found a blossoming altar of Fedhas.
  3901 | D:6      | Found a shattered altar of Ashenzari.
  3969 | D:6      | Reached XP level 8. HP: 55/74 MP: 4/7
  4013 | D:6      | Identified a scroll of acquirement
  4090 | D:6      | Reached skill level 5 in Throwing
  4104 | D:6      | Found a snail-covered altar of Cheibriados.
  4235 | D:6      | Became a worshipper of Cheibriados the Contemplative
  4235 | D:6      | Reached * piety under Cheibriados
  4235 | D:6      | Reached ** piety under Cheibriados
  4323 | D:6      | Found a radiant altar of Vehumet.
  4393 | D:6      | Found an ancient bone altar of Kikubaaqudgha.
  4402 | D:6      | Learned a level 1 spell: Confusing Touch
  4574 | D:7      | Reached skill level 1 in Invocations
  4766 | D:7      | Found a staircase to the Ecumenical Temple.
  4922 | D:7      | Reached *** piety under Cheibriados
  5473 | D:7      | Reached skill level 5 in Invocations
  5473 | D:7      | Reached XP level 9. HP: 64/80 MP: 11/11
  5778 | D:8      | Noticed Pikel
  5794 | D:8      | Killed Pikel
  5809 | D:8      | Found a blossoming altar of Fedhas.
  5825 | D:8      | Noticed an oklob plant
  6146 | D:8      | Reached skill level 9 in Unarmed Combat
  6187 | D:8      | Reached **** piety under Cheibriados
  6271 | D:8      | Reached skill level 10 in Unarmed Combat
  6285 | D:8      | Reached XP level 10. HP: 50/88 MP: 14/14
  6347 | D:8      | Noticed a two-headed hydra
  6352 | D:8      | Killed a two-headed hydra
  6478 | D:9      | Reached skill level 5 in Dodging
  6529 | D:9      | Found a hide-covered altar of Uskayaw.
  6550 | D:9      | Reached ***** piety under Cheibriados
  6890 | D:9      | Found a staircase to the Orcish Mines.
  6946 | D:9      | Found a runed door.
  6948 | D:9      | Noticed a fire dragon
  6952 | D:9      | Found the +2 shield of Resistance {rF+ rC+ MR+}
  6952 | D:9      | Noticed a fire dragon
  6952 | D:9      | Noticed an ice dragon
  6958 | D:9      | Noticed an ice dragon
  6962 | D:9      | Found a runed door.
  7020 | D:10     | Entered Level 10 of the Dungeon
  7145 | D:10     | Reached XP level 11. HP: 67/97 MP: 15/15
  7391 | D:10     | Found a basalt altar of Yredelemnul.
  7480 | D:10     | Reached skill level 5 in Fighting
  7633 | D:10     | Found a staircase to the Lair.
  8019 | D:11     | Reached skill level 1 in Shields
  8029 | D:11     | Noticed a death knight
  8030 | D:11     | Noticed a skeletal warrior
  8044 | D:11     | Killed a death knight
  8046 | D:11     | Killed a skeletal warrior
  8246 | D:11     | Noticed a purple ugly thing
  8251 | D:11     | Killed a purple ugly thing
  8438 | D:11     | Found a runed gate.
  8439 | D:11     | Found a runed gate.
  8440 | D:11     | Noticed Multipenetrator's ghost (novice HOFi)
  8440 | D:11     | Found a runed gate.
  8558 | D:11     | Noticed a centaur warrior
  8564 | D:11     | Killed a centaur warrior
  8564 | D:11     | Reached skill level 5 in Shields
  8597 | D:11     | Noticed a death knight
  8608 | D:11     | Killed a death knight
  8728 | D:11     | Reached XP level 12. HP: 106/114 MP: 16/16
  8733 | D:11     | Noticed a deep troll earth mage
  8847 | D:11     | Found the cursed +14 obsidian axe {chop, +Fly SInv *Curse}
  8875 | D:11     | Killed a deep troll earth mage
  8875 | D:11     | Reached skill level 1 in Hexes
  9032 | D:11     | Found a roughly hewn altar of Beogh.
  9056 | D:11     | Killed Multipenetrator's ghost
  9157 | D:11     | Got a clouded golden ring
  9204 | D:11     | Identified the ring of the Madman {rPois MR+} (You took it
                  | off an orc on level 11 of the Dungeon)
  9414 | D:12     | Noticed a tengu reaver
  9550 | D:12     | Killed from afar by a tengu reaver

Vault maps used:
D:1:      giann_bridges
D:2:      first_ration, minmay_randomly_rotated_circles, uniq_terence,
          uniq_jessica
D:3:      amethyst_killhole
D:4:      gammafunk_steamed_eel, nicolae_qazlal_general_emergency
D:5:      lemuel_coloured_pillars_altar
D:6:      marbit_many_paths, nemelex_xobeh_ov_fountains_minmay,
          lemuel_zombie_altar_kikubaaqudgha, old_standard_altar,
          chequers_temple_overflow_statue_of_worship, serial_shops, shop,
          kennysheep_generic_room_16
D:7:      minmay_temple_entry_mist
D:8:      hangedman_ranch, tgw_fedhas, uniq_pikel
D:9:      nicolae_overflow_hidden_temple, eat_drink_and_be_merry_uskayaw,
          orc_0_dummy, minivault_25_ag, minmay_guarded_unrand_resistance
D:10:     lair_entry_dummy, lemuel_mausoleum_altar_yredelemnul
D:11:     biasface_ghost_orc_armoury, minmay_evil_grid
D:12:     kennysheep_four_rooms

Skill      XL: |  1  2  3  4  5  6  7  8  9 10 11 12 |
---------------+-------------------------------------+-----
Unarmed Combat | 4 5 6 8 10 | 10.0
Throwing       | 1 4 6 8 |  8.0
Invocations    | 5 6 |  6.9
Dodging        | 3 8 |  8.0
Fighting       | 3 6 |  6.0
Shields        | 7 9 |  9.3
Hexes          | 2 |  2.0
Stealth        | |  1.0

Action                   |  1- 3 |  4- 6 |  7- 9 | 10-12 || total
-------------------------+-------+-------+-------+-------++-------
Melee: Unarmed           |    59 |   198 |   315 |   428 ||  1000
       Punch             |       |     6 |    12 |    37 ||    55
Throw: Javelin           |       |       |     4 |     2 ||     6
       Large rock        |       |       |       |     7 ||     7
 Cast: Confusing Touch   |       |       |       |     3 ||     3
Invok: Slouch            |       |       |       |     7 ||     7
Evoke: Wand              |       |     4 |     1 |     5 ||    10
  Use: Scroll            |     2 |     7 |     6 |     5 ||    20
       Potion            |       |     1 |       |     7 ||     8
 Stab: Sleeping          |       |     3 |     4 |    10 ||    17
       Distracted        |       |       |     1 |     2 ||     3
       Confused          |       |       |       |     2 ||     2
  Eat: Chunk             |    10 |    19 |    26 |    24 ||    79
Armor: Robe              |    20 |    55 |    61 |    48 ||   184
       Skin              |       |       |       |     4 ||     4
       Troll leather arm |       |       |       |     4 ||     4
Dodge: Dodged            |    27 |    88 |   121 |   278 ||   514
Block: Other             |       |       |    10 |    48 ||    58
       Reflection        |       |       |       |     4 ||     4

Table legend:
 A = Non-vault XP
 B = Vault XP
 C = Vault XP percentage of total XP
 D = Non-vault monster count
 E = Vault monster count
 F = Vault count percentage of total count
                 A         B        C        D         E       F
            +---------+---------+-------+---------+---------+-------
      Total |   16600 |    9734 |  37.0 |     296 |      63 |  17.5
            +---------+---------+-------+---------+---------+-------
        D:1 |      59 |       0 |   0.0 |      30 |       0 |   0.0
        D:2 |     144 |      98 |  40.5 |      29 |       8 |  21.6
        D:3 |      34 |       0 |   0.0 |      14 |       0 |   0.0
        D:4 |     289 |     164 |  36.2 |      12 |       3 |  20.0
        D:5 |     218 |       0 |   0.0 |      12 |       0 |   0.0
        D:6 |     822 |     126 |  13.3 |      24 |       4 |  14.3
        D:7 |     913 |       0 |   0.0 |      30 |       0 |   0.0
        D:8 |    1002 |    2841 |  73.9 |      17 |       9 |  34.6
        D:9 |    3154 |     215 |   6.4 |      46 |       4 |   8.0
       D:10 |    2527 |     691 |  21.5 |      25 |      12 |  32.4
       D:11 |    6247 |    4856 |  43.7 |      43 |      21 |  32.8
       D:12 |    1191 |     743 |  38.4 |      14 |       2 |  12.5
            +---------+---------+-------+---------+---------+-------
